 Dungeon Crawl Stone Soup version 0.28.0-49-g6dfe1f597d (webtiles) character file.

Game seed: 10361272907951545352

29 Arandomuser85 the Caller (level 3, 0/24 HPs)
             Began as a Merfolk Summoner on May 17, 2022.
             Slain by an adder (3 damage)
             ... on level 2 of the Dungeon.
             The game lasted 00:05:07 (1581 turns).

Arandomuser85 the Caller (Merfolk Summoner)         Turns: 1581, Time: 00:05:08

Health: 0/24       AC:  2    Str:  8    XL:     3   Next: 16%
Magic:  5/6        EV: 13    Int: 16    God:
Gold:   37         SH:  0    Dex: 14    Spells: 0/6 levels left

rFire   . . .      SeeInvis .   f - +0 spear
rCold   . . .      Faith    .   (no shield)
rNeg    . . .      Spirit   .   a - +0 robe
rPois   .          Reflect  .   (no helmet)
rElec   .          Harm     .   (no cloak)
rCorr   .          Rampage  .   (no gloves)
Will    .....                   (no boots)
Stlth   ++........              (no amulet)
HPRegen 0.08/turn               c - ring of wizardry
MPRegen 0.10/turn               (no ring)

@: lethally poisoned (0 -> -1)
A: (nimble swimmer 2), mertail
a: no special abilities


You were on level 2 of the Dungeon.
You visited 1 branch of the dungeon, and saw 2 of its levels.

You collected 37 gold pieces.

Inventory:

Hand Weapons
 f - a +0 spear (weapon)
Armour
 a - a +0 robe (worn)
Jewellery
 c - a ring of wizardry (left hand)
Potions
 b - a potion of might {unknown}
 d - a potion of flight {unknown}
 e - a potion of curing {unknown}


   Skills:
 + Level 0.2 Fighting
 + Level 2.9 Dodging
 + Level 2.3 Stealth
 + Level 0.2 Unarmed Combat
 + Level 2.1 Spellcasting
 + Level 4.6 Summonings


You couldn't memorise any spells.
You knew the following spells:

 Your Spells              Type           Power      Damage    Failure   Level
a - Summon Small Mammal   Summ           64%        N/A       1%          1
b - Call Imp              Summ           16%        N/A       1%          2
c - Summon Guardian Gole  Hex/Summ       9%         N/A       10%         3

Your spell library contained the following spells:

 Spells                   Type           Power      Damage    Failure   Level
 Call Canine Familiar     Summ           16%        N/A       3%          3
 Ensorcelled Hibernation  Hex/Ice        2%         N/A       12%         2
 Passwall                 Tmut/Erth      0%         N/A       12%         2
 Swiftness                Air            1%         N/A       24%         3
 Summon Lightning Spire   Summ/Air       9%         N/A       30%         4


Dungeon Overview and Level Annotations

Branches:
Dungeon (2/15)

Altars:


Innate Abilities, Weirdness & Mutations

((You are very nimble when in or above water. (Stealth+, EV+, Speed+++)))
Your lower body shifts to a powerful aquatic tail in water.


Message History

The endoplasm barely misses you. The adder bites you.
You are poisoned.
The adder poisons you!
Your crimson imp hits the endoplasm.
The endoplasm dies!
You feel sick. The adder completely misses you.
You barely miss the adder.
The adder is moderately wounded.
You feel sick. The adder bites you.
Your crimson imp barely misses the adder.
The adder barely misses you.
You barely miss the adder.
The adder is moderately wounded.
You feel sick.
You are no longer poisoned.
The adder bites you.
You are poisoned.
The adder poisons you!
Your crimson imp closely misses the adder.
You feel sick.
Your crimson imp misses the adder.
A hobgoblin comes into view.
You feel sick.
Your crimson imp blinks!
You closely miss the adder.
The adder is moderately wounded.
You feel sick.
You are no longer poisoned.
The adder barely misses you. The adder bites you.
* * * LOW HITPOINT WARNING * * *
You are poisoned.
The adder poisons you!
You hit the adder but do no damage.
The adder is moderately wounded.
* * * LOW HITPOINT WARNING * * *
You feel sick.
The hobgoblin shouts!
The adder closely misses you.
You hit the adder.
The adder is moderately wounded.
You feel sick. The adder bites you.
You die...

#.# #g# #.#.# #.#
####.#.# #.#### ......#
#....# ##...##
##....### ## ##.....##
#.......# .###.......##
#.@.....#
.##.........###.S..5..#
..'.........'.......###
.##.........####....#
.###.......## ##..## .#
##.....## #.# .#
##...## ... .# ##+##
##.# ## .#


You could see an adder (ally target), a hobgoblin and a friendly crimson imp
(summoned).

Vanquished Creatures
  A ball python (D:2)
  A goblin (D:1)
  2 quokkas
  2 rats
6 creatures vanquished.

Vanquished Creatures (collateral kills)
  A worm (D:2)
  2 bats
  2 endoplasms
  3 goblins
  2 hobgoblins
  3 jackals (D:1)
  4 ball pythons
17 creatures vanquished.

Vanquished Creatures (others)
  2 fungi (D:1)
  3 plants (D:1)
5 creatures vanquished.

Grand Total: 28 creatures vanquished

Notes
Turn   | Place    | Note
-------+----------+-------------------------------------------
     0 | D:1      | Arandomuser85 the Merfolk Summoner began the quest for the
                  | Orb.
     0 | D:1      | Reached XP level 1. HP: 13/13 MP: 3/3
   382 | D:1      | Found a faded altar of an unknown god.
   409 | D:1      | Reached XP level 2. HP: 15/19 MP: 3/5
   421 | D:1      | Learned a level 2 spell: Call Imp
  1090 | D:2      | Reached XP level 3. HP: 22/24 MP: 6/6
  1094 | D:2      | Learned a level 3 spell: Summon Guardian Golem
  1581 | D:2      | Slain by an adder

Illustrated notes

Levels and vault maps discovered:
D:1:      minmay_arrival_up_and_down, layout_basic,
          dreamdust_ecumenical_altar_grove
D:2:      layout_loops_corners

Action                   || total
-------------------------++-------
Melee: Unarmed           ||    56
       Spear             ||    10
 Cast: Summon Small Mamm ||    11
       Call Imp          ||     9
  Use: Scroll            ||     1
       Potion            ||     1
 Stab: Sleeping          ||     1
Armor: Robe              ||     8
Dodge: Dodged            ||    67
